 Dungeon Crawl Stone Soup version 0.25-a0-41-g6cf4ce537d (webtiles) character file.

Game seed: 2604639918326962499, levelgen mode: deterministic

12237 Johnny the Spear-Bearer (level 11, 0/99 HPs)
             Began as a Demigod Gladiator on Oct 21, 2019.
             Slain by a death yak (16 damage)
             ... on level 11 of the Dungeon.
             The game lasted 00:14:50 (12460 turns).

Johnny the Spear-Bearer (Demigod Gladiator)        Turns: 12460, Time: 00:14:50

Health: 0/99       AC: 14    Str: 23    XL:     11   Next: 34%
Magic:  14/14      EV:  7    Int: 12    God:
Gold:   42         SH:  0    Dex: 17    Spells: 10/10 levels left

rFire    . . .     SeeInvis .   v - +0 glaive (venom)
rCold    . . .     Gourm    .   (shield currently unavailable)
rNeg     . . .     Faith    .   E - +0 plate armour
rPois    .         Spirit   .   z - +0 helmet of Iprasere {rElec MR+ rCorr} (curse)
rElec    +         Reflect  .   C - +1 cloak
rCorr    +         Harm     .   a - +0 pair of gloves
MR       ++...                  (no boots)
Stlth    ..........             (no amulet)
HPRegen  0.26/turn              n - ring of resist corrosion
MPRegen  0.14/turn              (no ring)

@: no status effects
A: high mp 1
a: no special abilities


You were on level 11 of the Dungeon.
You were not hungry.

You visited 1 branch of the dungeon, and saw 11 of its levels.

You collected 554 gold pieces.
You spent 512 gold pieces at shops.

Inventory:

Hand Weapons
 e - a +0 halberd
 r - a +1 glaive of pain
 v - a +0 glaive of venom (weapon)
 G - a +2 trident of protection
 H - a +4 spear of venom
Missiles
 f - 9 throwing nets (quivered)
Armour
 a - a +0 pair of gloves (worn)
 z - the cursed +0 helmet of Iprasere (worn) {rElec MR+ rCorr}
   (You found it on level 10 of the Dungeon)

   It insulates you from electricity.
   It affects your resistance to hostile enchantments.
   It provides partial protection from all sources of acid and corrosion.
   It has a curse placed upon it.
 C - a +1 cloak (worn)
 E - a +0 plate armour (worn)
Jewellery
 b - an uncursed amulet of harm
 n - a ring of resist corrosion (left hand)
Wands
 p - a wand of flame (15)
 D - a wand of digging (7)
 K - a wand of iceblast (5)
Scrolls
 g - 2 scrolls of fear
 j - 7 scrolls of remove curse
 k - 2 scrolls of teleportation
 m - a scroll of noise {unknown}
 q - 2 scrolls of magic mapping {unknown}
 s - a scroll of random uselessness {unknown}
 u - a scroll of immolation {unknown}
 w - 2 scrolls of amnesia {unknown}
 y - 2 scrolls of enchant armour {unknown}
 F - 2 scrolls of enchant weapon {unknown}
Potions
 h - 5 potions of mutation
 l - 3 potions of flight
 o - a potion of lignification
 t - 4 potions of degeneration
 x - a potion of cancellation
 A - 3 potions of ambrosia
 B - a potion of brilliance
Miscellaneous
 i - a phial of floods (inert)
Comestibles
 c - a chunk of flesh
 d - 12 rations


   Skills:
 + Level 9.9 Fighting
 * Level 13.9 Polearms
 - Level 1.7 Throwing
 - Level 2.6 Dodging


You had 10 spell levels left.
You didn't know any spells.
Your spell library contained the following spells:

 Spells                   Type           Power        Failure   Level  Hunger
 Animate Skeleton         Necr           N/A          100%        1    ##.....
 Apportation              Tloc           #.....       100%        1    ##.....
 Confusing Touch          Hex            #.....       100%        1    ##.....
 Corona                   Hex            #......      100%        1    ##.....
 Freeze                   Ice            #...         100%        1    ##.....
 Summon Small Mammal      Summ           #...         100%        1    ##.....
 Ensorcelled Hibernation  Hex/Ice        #.....       100%        2    ###....
 Throw Frost              Conj/Ice       #.....       100%        2    ###....
 Confuse                  Hex            #.......     100%        3    ####...
 Dazzling Spray           Conj/Hex       #.....       100%        3    ####...
 Gell's Gravitas          Tloc           #.........   100%        3    ####...
 Ozocubu's Armour         Chrm/Ice       #.......     100%        3    ####...
 Tukima's Dance           Hex            #.......     100%        3    ####...
 Petrify                  Tmut/Erth      #.......     100%        4    #####..
 Summon Ice Beast         Ice/Summ       #.......     100%        4    #####..
 Throw Icicle             Conj/Ice       #.......     100%        4    #####..
 Metabolic Englaciation   Hex/Ice        #.........   100%        5    ######.
 Yara's Violent Unravell  Hex/Tmut       #.........   100%        5    ######.


Dungeon Overview and Level Annotations

Branches:
Dungeon (11/15)            Temple (0/1) D:7
   Lair: D:8-11         Orc: D:9-12

Shops:
D:10 !

Annotations:
D:11 Fannar


Innate Abilities, Weirdness & Mutations

You have an increased reservoir of magic. (+10% MP)


Message History

You kill the death yak!
Attack whom?
Press: ? - help, Dir - move target cursor, f - death yak
Aim: a death yak You reach to attack!
Your plate armour prevents you from hitting the death yak.
There is a stone staircase leading down here.
Attack whom?
Press: ? - help, Dir - move target cursor, f/p - death yak
Aim: a death yak You hit the death yak but do no damage.
The death yak barely misses you. The death yak gores you!
* * * LOW HITPOINT WARNING * * *
Attack whom?
Press: ? - help, Dir - move target cursor, f/p - death yak
Aim: a death yak You hit the death yak.
The death yak is lightly wounded.
The death yak gores you!
You die...

#...........††#.#
#.# #....###.#.#
#.####........#.##
#.##.......#....÷.
#.##.#....###.#.##
#.##.#..........#
#.............####
#Y##>....##.### #
#@##.##..##.# #
#.##.%...##.# #
#.##.#....... #
##.##.#.....$.
#.......%.....
#.....#.##....
#?...........
#.....#.#####
#........#


You could see a death yak.

Vanquished Creatures
  Josephine (D:10)
  3 two-headed ogres
  2 death yaks (D:11)
  Pikel (D:5)
  An orc knight (D:11)
  A cyclops (D:11)
  A gargoyle (D:9)
  2 trolls
  Prince Ribbit (D:6)
  4 hippogriffs
  A vampire (D:10)
  3 wraiths (D:10)
  A wyvern (D:9)
  Eustachio (D:5)
  A hungry ghost (D:8)
  Menkaure (D:7)
  Duvessa (D:5)
  A water moccasin (D:7)
  2 porcupines (D:11)
  A black bear (D:4)
  2 sky beasts
  2 orc warriors
  3 ice beasts
  2 phantoms
  An ogre (D:7)
  A necrophage (D:9)
  5 centaurs
  5 big kobolds
  4 bullfrogs
  2 gnoll sergeants (D:10)
  Dowan (D:5)
  2 scorpions
  2 howler monkeys
  A bullfrog zombie (D:7)
  5 crimson imps
  A centaur zombie (D:6)
  A jelly (D:9)
  Crazy Yiuf (D:6)
  3 centaur skeletons
  2 gnoll shamans (D:10)
  4 orc priests
  5 hounds
  6 worker ants
  An iguana (D:8)
  4 orc wizards
  Terence (D:3)
  A hound skeleton (D:5)
  3 worker ant zombies
  20 gnolls (D:10)
  5 adders
  A shadow imp (D:8)
  2 oozes
  2 adder skeletons
  2 adder zombies
  2 worms
  A dart slug (D:2)
  7 leopard geckos
  28 orcs
  4 giant cockroaches
  15 goblins
  7 hobgoblins
  8 jackals
  7 quokkas
  3 ball pythons
  10 bats
  3 frilled lizards
  A jackal zombie (D:3)
  26 kobolds
  A quokka skeleton (D:7)
  8 rats
  A fungus (D:6)
265 creatures vanquished.

Vanquished Creatures (collateral kills)
  A wraith (D:10)
  A sky beast (D:10)
  A gnoll shaman (D:10)
3 creatures vanquished.

Vanquished Creatures (others)
  A quokka skeleton (D:5)
  2 plants (D:11)
3 creatures vanquished.

Grand Total: 271 creatures vanquished

Notes
Turn   | Place    | Note
-------+----------+-------------------------------------------
     0 | D:1      | Johnny the Demigod Gladiator began the quest for the Orb.
     0 | D:1      | Reached XP level 1. HP: 17/17 MP: 3/3
    68 | D:1      | Reached skill level 3 in Polearms
   106 | D:1      | Reached XP level 2. HP: 24/24 MP: 4/4
   789 | D:2      | Reached XP level 3. HP: 18/29 MP: 5/5
   821 | D:2      | Reached skill level 4 in Polearms
  1432 | D:2      | Reached XP level 4. HP: 36/36 MP: 6/6
  1896 | D:3      | Reached skill level 5 in Polearms
  2021 | D:3      | Noticed Terence
  2032 | D:3      | Killed Terence
  2112 | D:3      | Found a blossoming altar of Fedhas.
  2114 | D:3      | Found a basalt altar of Yredelemnul.
  2116 | D:3      | Found a sacrificial altar of Ru.
  2117 | D:3      | Found a radiant altar of Vehumet.
  2117 | D:3      | Found a snail-covered altar of Cheibriados.
  2122 | D:3      | Reached XP level 5. HP: 42/42 MP: 7/7
  2127 | D:3      | Found a bloodstained altar of Trog.
  2552 | D:4      | Noticed a black bear
  2559 | D:4      | Killed a black bear
  2575 | D:4      | Noticed a phantom
  2614 | D:4      | Killed a phantom
  2614 | D:4      | Reached skill level 6 in Polearms
  2614 | D:4      | Reached XP level 6. HP: 18/51 MP: 8/8
  2936 | D:4      | Found a sacrificial altar of Ru.
  3126 | D:5      | Entered Level 5 of the Dungeon
  3204 | D:5      | Noticed Eustachio
  3773 | D:5      | Noticed Duvessa
  3773 | D:5      | Noticed Dowan
  3847 | D:6      | Found a shimmering altar of Xom.
  3863 | D:6      | Noticed Prince Ribbit
  3868 | D:6      | Reached XP level 7. HP: 12/58 MP: 9/9
  3874 | D:6      | Killed Prince Ribbit
  3874 | D:6      | Reached skill level 7 in Polearms
  4756 | D:6      | Found a runed translucent door.
  4757 | D:6      | Noticed Crazy Yiuf
  4764 | D:6      | Killed Crazy Yiuf
  4912 | D:7      | Found a staircase to the Ecumenical Temple.
  4913 | D:7      | Noticed Menkaure
  4924 | D:7      | Killed Menkaure
  4924 | D:7      | Reached skill level 8 in Polearms
  5256 | D:7      | Reached skill level 5 in Fighting
  5256 | D:7      | Reached XP level 8. HP: 45/68 MP: 10/10
  5444 | D:7      | Found an iron altar of Okawaru.
  5810 | D:8      | Reached skill level 9 in Polearms
  5908 | D:8      | Noticed a hippogriff
  5912 | D:8      | HP: 2/70 [hippogriff (5)]
  6190 | D:8      | Killed a hippogriff
  6426 | D:8      | Noticed a two-headed ogre
  6748 | D:8      | Reached skill level 10 in Polearms
  6748 | D:8      | Reached XP level 9. HP: 65/78 MP: 11/11
  7288 | D:8      | Killed a two-headed ogre
  7417 | D:9      | Noticed a gargoyle
  7432 | D:9      | Killed a gargoyle
  7475 | D:9      | Reached skill level 11 in Polearms
  8295 | D:10     | Entered Level 10 of the Dungeon
  8295 | D:10     | Found a shimmering altar of Xom.
  8858 | D:5      | Noticed Pikel
  8880 | D:5      | Killed Pikel
  8880 | D:5      | Reached XP level 10. HP: 43/88 MP: 13/13
  8915 | D:5      | Killed Duvessa
  8935 | D:5      | Killed Dowan
  8971 | D:5      | Killed Eustachio
  9596 | D:10     | Reached skill level 12 in Polearms
  9777 | D:10     | Noticed Josephine
  9798 | D:10     | Killed Josephine
 10109 | D:10     | Found Opostiqo's Distillery.
 10793 | D:10     | Bought a potion of lignification for 48 gold pieces
 10793 | D:10     | Bought a potion of cancellation for 128 gold pieces
 10793 | D:10     | Bought a potion of might for 64 gold pieces
 10793 | D:10     | Bought a potion of ambrosia for 128 gold pieces
 10793 | D:10     | Bought a potion of agility for 64 gold pieces
 10793 | D:10     | Bought a potion of heal wounds for 80 gold pieces
 10862 | D:11     | Noticed an orc knight
 10881 | D:11     | Killed an orc knight
 10920 | D:11     | Noticed Fannar
 10922 | D:11     | Noticed a cyclops
 11247 | D:10     | Reached skill level 13 in Polearms
 11447 | D:10     | Noticed a two-headed ogre
 11458 | D:10     | Killed a two-headed ogre
 11475 | D:10     | Reached XP level 11. HP: 92/97 MP: 14/14
 11828 | D:10     | Got an ancient helmet
 11839 | D:10     | Identified the cursed +0 helmet of Iprasere {rElec MR+
                  | rCorr} (You found it on level 10 of the Dungeon)
 12197 | D:11     | Noticed a two-headed ogre
 12203 | D:11     | Killed a two-headed ogre
 12409 | D:11     | Noticed a death yak
 12412 | D:11     | Noticed a death yak
 12422 | D:11     | Noticed a death yak
 12437 | D:11     | Killed a death yak
 12450 | D:11     | Killed a death yak
 12460 | D:11     | Slain by a death yak

Levels and vault maps discovered:
D:1:      dpeg_arrival_three_same_balls, layout_basic, minmay_fountain_box,
          st_stairs_7
D:2:      layout_loops_ring
D:3:      layout_basic, grunt_temple_overflow_open, uniq_terence
D:4:      layout_cave_pools, first_ration, hex_medium,
          nicolae_ru_great_annihilating_truth
D:5:      layout_cave_pools, uniq_pikel, uniq_eustachio, uniq_duvessa
D:6:      layout_basic, xom_teletrap_fun, uniq_prince_ribbit1,
          uniq_crazy_yiuf_cottage
D:7:      layout_loops_ring, minmay_temple_entry_glass,
          okawaru_ov_weapons_minmay, uniq_menkaure
D:8:      layout_gridville, serial_glass, glass_columns_c, glass_columns_b
D:9:      layout_irregular_city
D:10:     layout_big_octagon, serial_gnoll_camp, gnoll_camp_mini_shop,
          gnoll_camp_mini_doghouse, gnoll_camp_mini_hut, gnoll_camp_huts_basic,
          gnoll_camp_mini_hut, gnoll_camp_medium_01, basic_altar, uniq_josephine
D:11:     layout_loops_cross, dpeg_lair_monsters, orc_0_dummy, grunt_tengu_nest,
          uniq_fannar

Skill      XL: |  1  2  3  4  5  6  7  8  9 10 |
---------------+-------------------------------+-----
Polearms       | 3 4 5 6 8 10 11 13 | 13.9
Fighting       | 2 3 5 6 7 9 |  9.9
Throwing       | |  1.7
Dodging        | |  2.6

Action                   |  1- 3 |  4- 6 |  7- 9 | 10-12 || total
-------------------------+-------+-------+-------+-------++-------
Melee: Trident           |   156 |   214 |   507 |   185 ||  1062
       Spear             |       |       |    22 |   169 ||   191
       Glaive            |       |       |       |    55 ||    55
Evoke: Wand              |       |       |     2 |     3 ||     5
       Phial of floods   |       |       |       |     1 ||     1
  Use: Scroll            |       |     8 |     2 |     4 ||    14
       Potion            |       |     1 |    10 |    11 ||    22
 Stab: Sleeping          |     6 |       |       |       ||     6
       Paralysed         |       |     1 |       |       ||     1
       Invisible         |       |       |     1 |       ||     1
       Distracted        |       |       |       |     1 ||     1
  Eat: Chunk             |     1 |     6 |    15 |     9 ||    31
       Ration            |       |     1 |     2 |     1 ||     4
Armor: Leather armour    |    39 |       |       |       ||    39
       Chain mail        |     2 |   109 |   191 |       ||   302
       Skin              |       |       |     9 |       ||     9
       Plate armour      |       |       |    60 |   203 ||   263
Dodge: Dodged            |    82 |    85 |   175 |   114 ||   456

Table legend:
 A = Non-vault XP
 B = Vault XP
 C = Vault XP percentage of total XP
 D = Non-vault monster count
 E = Vault monster count
 F = Vault count percentage of total count
                 A         B        C        D         E       F
            +---------+---------+-------+---------+---------+-------
      Total |   11306 |    6176 |  35.3 |     209 |      58 |  21.7
            +---------+---------+-------+---------+---------+-------
        D:1 |      37 |       2 |   5.1 |      22 |       2 |   8.3
        D:2 |      78 |       0 |   0.0 |      29 |       0 |   0.0
        D:3 |      90 |      32 |  26.2 |      17 |       1 |   5.6
        D:4 |     275 |      41 |  13.0 |       8 |       4 |  33.3
        D:5 |     442 |    1063 |  70.6 |      14 |       4 |  22.2
        D:6 |     325 |     309 |  48.7 |       9 |       2 |  18.2
        D:7 |     612 |     175 |  22.2 |      18 |       1 |   5.3
        D:8 |    2290 |       0 |   0.0 |      29 |       0 |   0.0
        D:9 |    1355 |       0 |   0.0 |      22 |       0 |   0.0
       D:10 |    2943 |    2487 |  45.8 |      29 |      38 |  56.7
       D:11 |    2859 |    2067 |  42.0 |      12 |       6 |  33.3
            +---------+---------+-------+---------+---------+-------
